 Dungeon Crawl Stone Soup version 0.22.1-6-g1668fe2 (console) character file.

2051 erker the Transmogrifier (level 9, -6/70 HPs)
             Began as a Naga Transmuter on Jan 18, 2019.
             Was a Believer of Cheibriados.
             Shot with a sling bullet by Joseph (8 damage)
             ... on level 8 of the Dungeon.
             The game lasted 00:35:46 (6128 turns).

erker the Transmogrifier (Naga Transmuter)          Turns: 6128, Time: 00:35:47

Health: -6/70      AC:  5    Str: 19    XL:     9   Next: 25%
Magic:  8/13       EV: 12    Int: 22    God:    Cheibriados [**....]
Gold:   138        SH:  0    Dex: 18    Spells: 4/13 levels left

rFire    . . .     SeeInvis +     - Unarmed
rCold    + . .     Gourm    .   (shield currently unavailable)
rNeg     . . .     Faith    .   t - +0 leather armour {rC+}
rPois    +         Spirit   .   (no helmet)
rElec    .         Reflect  .   v - +0 cloak (curse)
rCorr    .         Harm     +   (gloves currently unavailable)
MR       +....                  (no barding)
Stlth    +.........             L - amulet of harm
HPRegen  0.21/turn              (no ring)
MPRegen  0.13/turn              (no ring)

@: blade hands, drained, very slow
A: large, see invisible, deformed body, poison resistance, slowness 2, slow
metabolism 1, spit poison 1, AC +3
a: Spit Poison, End Transformation, Bend Time, Renounce Religion


You were on level 8 of the Dungeon.
You worshipped Cheibriados.
Cheibriados was pleased with you.
You were near starving.
You had blades for hands.
You visited 1 branch of the dungeon, and saw 8 of its levels.

You collected 418 gold pieces.
You spent 280 gold pieces at shops.

Inventory:

Missiles
 a - 68 arrows
 p - 40 poisoned needles
 y - 3 javelins (quivered)
Armour
 b - a +0 robe
 e - a +0 cloak
 j - a +0 pair of gloves (melded)
 m - a +0 helmet
 q - a +0 shield
 t - a +0 leather armour of cold resistance (worn)
 u - a +0 large shield
 v - a cursed +0 cloak (worn)
Jewellery
 A - an uncursed amulet of guardian spirit
 E - an uncursed amulet of the acrobat
 J - a cursed ring of teleportation
 L - an amulet of harm (around neck)
Wands
 G - a wand of polymorph (11)
 I - a wand of flame (27)
Scrolls
 c - 4 scrolls of teleportation
 f - a scroll of random uselessness {unknown}
 g - 6 scrolls of remove curse {unknown}
 h - 2 scrolls of enchant weapon {unknown}
 i - a scroll of immolation {unknown}
 k - 2 scrolls of fog {unknown}
 l - a scroll of amnesia {unknown}
 n - a scroll of enchant armour {unknown}
 o - 2 scrolls of fear {unknown}
 s - 5 scrolls of identify {unknown}
 x - a scroll of noise {unknown}
 B - 2 scrolls of blinking {unknown}
 C - a scroll of magic mapping {unknown}
 D - a scroll of silence {unknown}
Potions
 r - 2 potions of degeneration {unknown}
 w - 5 potions of curing
 z - 2 potions of agility {unknown}
 F - a potion of heal wounds {unknown}
 H - a potion of invisibility
 K - a potion of might
Comestibles
 d - 16 rations


   Skills:
 + Level 1.3(1.2) Fighting
 + Level 2.0 Armour
 * Level 4.1 Dodging
 + Level 6.2 Unarmed Combat
 * Level 2.9 Spellcasting
 + Level 1.2 Hexes
 - Level 8.2 Transmutations
 * Level 2.5 Invocations


You had 4 spell levels left.
You knew the following spells:

 Your Spells              Type           Power        Failure   Level  Hunger
a - Beastly Appendage     Tmut           #####.       12%         1    None
c - Confusing Touch       Hex            #.....       43%         1    None
h - Blade Hands           Tmut           #####.....   54%         5    ######.
t - Sticks to Snakes      Tmut           #####...     14%         2    ##.....

Your spell library contained the following spells:

 Spells                   Type           Power        Failure   Level  Hunger
 Spider Form              Tmut/Pois      ###.......   43%         3    ###....
 Slow                     Hex            #.......     54%         2    ##.....
 Animate Skeleton         Necr           N/A          56%         1    None
 Apportation              Tloc           #.....       56%         1    None
 Magic Dart               Conj           #...         56%         1    None
 Summon Small Mammal      Summ           #...         56%         1    None
 Blink                    Tloc           N/A          65%         2    ##.....
 Call Imp                 Summ           #.......     65%         2    ##.....
 Ice Form                 Ice/Tmut       ###.....     69%         4    ####...
 Conjure Flame            Conj/Fire      #.......     82%         3    ###....
 Mephitic Cloud           Conj/Pois/Air  #.......     82%         3    ###....
 Leda's Liquefaction      Hex/Erth       #.........   97%         4    ####...
 Bolt of Magma            Conj/Fire/Erth #.........   100%        5    ######.
 Iron Shot                Conj/Erth      #.........   100%        6    #######
 Statue Form              Tmut/Erth      ###......    100%        6    #######
 Shatter                  Erth           #.........   100%        9    #######


Dungeon Overview and Level Annotations

Branches:
Dungeon (8/15)             Temple (0/1) D:5
   Lair: D:8-11

Altars:
Cheibriados
Dithmenos
Fedhas
Nemelex Xobeh
Trog
Wu Jian
Zin

Shops:
D:7 ?}=:*

Annotations:
D:8 Joseph


Innate Abilities, Weirdness & Mutations

You cannot wear boots.
Your serpentine skin is tough. (AC +3)
You have supernaturally acute eyesight. (SInv)
Armour fits poorly on your strangely shaped body.
Your system is resistant to poisons. (rPois)
You cover ground very slowly.
You have a slow metabolism.
You can spit poison.


Message History

Joseph wields a glowing hunting sling.
It bursts into flame!
Joseph shoots a sling bullet.
The sling bullet hits you! The sling bullet burns you.
Found a scroll labeled WONKUKYESE.
You see here a sling bullet.
Joseph shoots a sling bullet.
The sling bullet hits you! The sling bullet burns you.
Joseph shoots a sling bullet.
The sling bullet hits you! The sling bullet burns you.
The adder zombie misses you.
Found a blossoming altar of Fedhas.
You see here 2 sling bullets.
Casting: Beastly Appendage (safe; 1% risk of failure)
Confirm with . or Enter, or press ? or * to list all spells.
Your hands turn into razor-sharp scythe blades.
Your +0 pair of gloves melds into your body.
You are near starving!
Joseph shoots a sling bullet.
The sling bullet hits you!!
* * * LOW HITPOINT WARNING * * *
The sling bullet burns you!
You die...

#........#
##.......?#
#.........#
###.........#
............#
#.........#
#....Z...@#
#....@....#
.####...(...###
.......<........
####.######..P..
#


PPP.. _... PP. .. You could see Joseph and an adder zombie.

Vanquished Creatures
  Sigmund (D:3)
  A hungry ghost (D:7)
  Duvessa (D:7)
  A phantom (D:4)
  A sky beast (D:7)
  An ice beast (D:5)
  2 ogres (D:4)
  A big kobold (D:7)
  Blork the orc (D:6)
  2 bullfrogs (D:6)
  Dowan (D:7)
  A howler monkey (D:6)
  A centaur zombie (D:6)
  2 hounds (D:7)
  3 jellies
  2 orc wizards
  A bullfrog skeleton (D:6)
  An orc priest (D:7)
  A centaur skeleton (D:7)
  A gnoll shaman (D:6)
  Jessica (D:3)
  A worker ant (D:5)
  A hound skeleton (D:6)
  12 adders
  4 gnolls (D:6)
  A howler monkey skeleton (D:7)
  A shadow imp (D:6)
  2 adder zombies (D:5)
  An adder skeleton (D:7)
  A worm (D:4)
  A dart slug (D:3)
  3 leopard geckos
  11 orcs
  5 bats
  5 giant cockroaches
  6 goblins
  4 hobgoblins
  4 jackals (D:6)
  2 quokkas (D:7)
  A ball python (D:4)
  5 frilled lizards
  10 kobolds
  2 quokka skeletons
  13 rats
123 creatures vanquished.

Vanquished Creatures (collateral kills)
  A centaur (D:7)
  2 ogres (D:5)
  A bullfrog (D:6)
  A worker ant (D:5)
  5 gnolls (D:6)
  A worm (D:6)
  A leopard gecko (D:6)
  3 jackals (D:6)
15 creatures vanquished.

Grand Total: 138 creatures vanquished

Notes
Turn   | Place    | Note
-------+----------+-------------------------------------------
     0 | D:1      | erker the Naga Transmuter began the quest for the Orb.
     0 | D:1      | Reached XP level 1. HP: 18/18 MP: 3/3
   532 | D:2      | Reached XP level 2. HP: 25/25 MP: 3/5
   536 | D:2      | Learned a level 2 spell: Sticks to Snakes
   892 | D:2      | Reached XP level 3. HP: 29/31 MP: 6/6
  1431 | D:3      | Reached XP level 4. HP: 29/38 MP: 7/7
  1758 | D:3      | Noticed Jessica
  1760 | D:3      | Killed Jessica
  1802 | D:3      | Found a blossoming altar of Fedhas.
  1826 | D:3      | Noticed Sigmund
  1840 | D:3      | Killed Sigmund
  1840 | D:3      | Reached skill level 5 in Unarmed Combat
  1840 | D:3      | Reached XP level 5. HP: 34/44 MP: 4/8
  1840 | D:3      | Reached XP level 6. HP: 40/51 MP: 4/9
  2332 | D:3      | Learned a level 5 spell: Blade Hands
  2393 | D:4      | Noticed a phantom
  2486 | D:4      | Reached skill level 3 in Transmutations
  2952 | D:4      | Killed a phantom
  2952 | D:4      | Reached skill level 4 in Transmutations
  2952 | D:4      | Reached XP level 7. HP: 6/57 MP: 1/10
  3538 | D:5      | Entered Level 5 of the Dungeon
  3551 | D:5      | Reached skill level 5 in Transmutations
  3567 | D:5      | Found a bloodstained altar of Trog.
  3724 | D:5      | Found a snail-covered altar of Cheibriados.
  3729 | D:5      | Became a worshipper of Cheibriados the Contemplative
  3784 | D:5      | Found a staircase to the Ecumenical Temple.
  3873 | D:5      | Found a glowing silver altar of Zin.
  3873 | D:5      | Found a sparkling altar of Nemelex Xobeh.
  3907 | D:5      | Reached skill level 6 in Transmutations
  3928 | D:5      | Found an ornate altar of the Wu Jian Council.
  3932 | D:5      | Found a shadowy altar of Dithmenos.
  4405 | D:6      | Reached XP level 8. HP: 64/64 MP: 9/11
  4417 | D:6      | Reached * piety under Cheibriados
  4427 | D:6      | Reached skill level 7 in Transmutations
  4747 | D:6      | Noticed Blork the orc
  4752 | D:6      | Killed Blork the orc
  4752 | D:6      | Reached skill level 8 in Transmutations
  5371 | D:7      | Reached ** piety under Cheibriados
  5371 | D:7      | Reached skill level 1 in Invocations
  5377 | D:7      | Reached skill level 1 in Armour
  5541 | D:7      | Learned a level 1 spell: Confusing Touch
  5562 | D:7      | Reached XP level 9. HP: 66/70 MP: 6/13
  5575 | D:7      | Noticed Duvessa
  5577 | D:7      | Noticed Dowan
  5581 | D:7      | Killed Duvessa
  5586 | D:7      | Killed Dowan
  5586 | D:7      | Reached skill level 1 in Hexes
  5619 | D:7      | Found Oloovuod's Gadget Boutique.
  5695 | D:7      | Found Ireruta's Book Emporium.
  5702 | D:7      | Found Sutuada's Assorted Antiques.
  5710 | D:7      | Bought a potion of curing for 63 gold pieces
  5710 | D:7      | Bought a scroll of teleportation for 63 gold pieces
  5710 | D:7      | Bought a blackened steel amulet for 105 gold pieces
  5825 | D:7      | Found Monul's Jewellery Shop.
  5830 | D:7      | Bought a cursed ring of teleportation for 49 gold pieces
  5876 | D:7      | Found Emaxkapt's Magic Scroll Shop.
  6125 | D:8      | Noticed Joseph
  6127 | D:8      | Found a blossoming altar of Fedhas.
  6128 | D:8      | HP: 2/70 [Joseph/sling bullet (24)]
  6128 | D:8      | Shot with a sling bullet by Joseph

Skill      XL: |  1  2  3  4  5  6  7  8  9 |
---------------+----------------------------+-----
Dodging        | 2 3 4 |  4.1
Unarmed Combat | 4 5 6 |  6.2
Transmutations | 4 6 8 |  8.2
Invocations    | 2 |  2.5
Armour         | 1 2 |  2.0
Hexes          | 1 |  1.2
Fighting       | |  1.3
Spellcasting   | |  2.9

Action                   |  1- 3 |  4- 6 |  7- 9 || total
-------------------------+-------+-------+-------++-------
Melee: Unarmed           |   109 |   113 |   208 ||   430
       Punch             |     1 |       |     4 ||     5
       Headbutt          |     6 |     7 |    16 ||    29
 Cast: Beastly Appendage |    19 |    13 |    16 ||    48
       Sticks to Snakes  |       |     7 |    13 ||    20
       Blade Hands       |       |       |    15 ||    15
 Abil: Spit Poison       |     3 |     7 |     3 ||    13
  Use: Potion            |       |     5 |       ||     5
       Scroll            |       |     1 |       ||     1
 Stab: Sleeping          |     1 |       |     1 ||     2
       Distracted        |       |     1 |       ||     1
       Invisible         |       |     1 |       ||     1
  Eat: Chunk             |     2 |     4 |    12 ||    18
       Ration            |       |       |     1 ||     1
Armor: Robe              |    41 |     4 |       ||    45
       Leather armour    |       |    17 |    64 ||    81
Dodge: Dodged            |    59 |    35 |   119 ||   213
Block: Shield            |     6 |       |       ||     6
